 Dungeon Crawl Stone Soup version 0.30.0-29-ga12c61a403 (webtiles) character file.

Game seed: 11755502657915314784

25 MacCMillion the Caller (level 3, -1/18 (19) HPs)
             Began as a Tengu Summoner on June 13, 2023.
             Slain by Terence
             ... wielding the +7 Throatcutter {drain, coup de grace}
              (9 damage)
             ... on level 2 of the Dungeon.
             The game lasted 00:02:54 (1671 turns).

MacCMillion the Caller (Tengu Summoner)             Turns: 1671, Time: 00:02:55

HP:   -1/18 (19)    AC:  2    Str:  8    XL:     3   Next: 6%
MP:   1/8           EV: 12    Int: 17    God:
Gold: 64            SH:  0    Dex: 14    Spells: 1/7 levels left

rFire   . . .        h - +0 dagger
rCold   . . .        (no shield)
rNeg    . . .        a - +0 robe
rPois   .            (helmet restricted)
rElec   .            (no cloak)
rCorr   .            (no gloves)
SInv    .            (boots unavailable)
Will    .....        (no amulet)
Stlth   ++           (no ring)
HPRegen 0.23/turn    (no ring)
MPRegen 0.11/turn

%: no passive effects
@: drained
A: beak, talons 3
a: no special abilities


You were on level 2 of the Dungeon.
You visited 1 branch of the dungeon, and saw 2 of its levels.

You collected 64 gold pieces.

Inventory:

Hand Weapons
 h - a +0 dagger (weapon)
Armour
 a - a +0 robe (worn)
Jewellery
 e - a ring of positive energy
 j - a ring of positive energy
 k - a ring of magical power
Scrolls
 c - 3 scrolls of fog {unknown}
 d - a scroll of vulnerability {unknown}
 f - a scroll of enchant armour {unknown}
 g - 2 scrolls of noise {unknown}
 l - a scroll of amnesia {unknown}
Potions
 b - a potion of magic
 i - 3 potions of brilliance {unknown}


   Skills:
 - Level 2.1 Dodging
 - Level 2.0 Stealth
 + Level 2.6 Spellcasting
 + Level 5.4 Summonings


You had one spell level left.
You knew the following spells:

 Your Spells              Type           Power      Damage    Failure   Level
a - Summon Small Mammal   Summ           80%        N/A       1%          1
b - Call Imp              Summ           40%        N/A       3%          2
c - Call Canine Familiar  Summ           20%        N/A       6%          3

Your spell library contained the following spells:

 Spells                   Type           Power      Damage    Failure   Level
 Shock                    Conj/Air       8%         1d3       19%         1
 Summon Guardian Golem    Hex/Summ       11%        N/A       19%         3
 Portal Projectile        Hex/Tloc       4%         N/A       47%         3
 Swiftness                Air            2%         N/A       47%         3
 Tukima's Dance           Hex            2%         N/A       47%         3
 Summon Lightning Spire   Summ/Air       11%        N/A       52%         4
 Airstrike                Air            1%         2d(1-17)  87%         4
 Blade Hands              Tmut           1%         N/A       99%         5


Dungeon Overview and Level Annotations

Branches:
Dungeon (2/15)

Altars:

Shops:
D:2 [

Annotations:
D:2 Terence


Innate Abilities, Weirdness & Mutations

You have a beak for a mouth.
You have claws for feet.


Message History

Memorise Call Canine Familiar, consuming 3 spell levels and leaving 1?
You start memorising the spell.
You continue memorising. x3
You finish memorising.
Spell assigned to 'c'.
Okay, then.
Casting: Summon Small Mammal (safe; 1% risk of failure)
Confirm with . or Enter, or press ? or * to list all spells.
The spell is quite dangerous to miscast (6% risk of failure)!
Continue anyway?
Your hound bites Terence.
Terence hits your hound with the +7 Throatcutter {drain, coup de grace}!
Terence drains your hound.
Your hound dies!
Your hound's corpse disappears in a puff of smoke!
You start resting.
Terence is nearby!
Casting: Call Canine Familiar (quite dangerous; 6% risk of failure)
Confirm with . or Enter, or press ? or * to list all spells.
The spell is quite dangerous to miscast (6% risk of failure)!
Continue anyway?
You miscast Call Canine Familiar.
You are very lightly contaminated with residual magic.
Nothing appears to happen.
Casting: Call Canine Familiar (quite dangerous; 6% risk of failure)
Confirm with . or Enter, or press ? or * to list all spells.
The spell is quite dangerous to miscast (6% risk of failure)!
Continue anyway?
Your hound barely misses Terence.
Your hound bites Terence but does no damage.
Your hound bites Terence.
Your magical contamination has completely faded away.
Your hound closely misses Terence.
Terence attacks as you move away!
Terence hits you with the +7 Throatcutter {drain, coup de grace}!
Ouch! That really hurt!
You feel drained.
Your hound barely misses Terence.
Your hound bites Terence but does no damage.
Casting: Call Canine Familiar (quite dangerous; 6% risk of failure)
Confirm with . or Enter, or press ? or * to list all spells.
A tiny devil pulls itself out of the air.
Your cerulean imp says, "You called?"
Terence hits you with the +7 Throatcutter {drain, coup de grace}!
Ouch! That really hurt!
You die...

...#####.....#.##..
#........##..
#......####.. #.#....#
#.. #....#.####..
#.........†.. ###
###....#####.##
##.######...#### #.##
#....5@@h...# #...
#..######...# ####
#..###################.
#.......>............r.
#..<.....[.###########>
#..######..# ##
#...>.###..#####
#.###............ #.#
#####..#####.


You could see Terence (ally target), a friendly hound (summoned) and a friendly
cerulean imp (summoned).

Vanquished Creatures
  A dart slug (D:1)
  A giant cockroach (D:2)
  2 hobgoblins (D:1)
  A ball python (D:2)
5 creatures vanquished.

Vanquished Creatures (collateral kills)
  3 ball pythons
  2 endoplasms (D:1)
  A giant cockroach (D:1)
  A goblin (D:2)
  2 hobgoblins (D:1)
  2 bats (D:1)
  3 kobolds (D:1)
  3 rats (D:1)
17 creatures vanquished.

Grand Total: 22 creatures vanquished

Notes
Turn   | Place    | Note
-------+----------+-------------------------------------------
     0 | D:1      | MacCMillion the Tengu Summoner began the quest for the Orb.
     0 | D:1      | Reached XP level 1. HP: 10/10 MP: 4/4
   331 | D:1      | Reached skill level 5 in Summonings
   432 | D:1      | Reached XP level 2. HP: 13/15 MP: 1/6
  1381 | D:2      | Noticed an animated pearl dragon scales
  1384 | D:2      | Found Yrphues's Armour Shop.
  1387 | D:2      | Noticed an animated plate armour
  1515 | D:2      | Reached XP level 3. HP: 15/19 MP: 4/7
  1619 | D:2      | Noticed Terence
  1626 | D:2      | Learned a level 2 spell: Call Imp
  1630 | D:2      | Learned a level 3 spell: Call Canine Familiar
  1671 | D:2      | Slain by Terence

Illustrated notes

Levels and vault maps discovered:
D:1:      minmay_arrival_five_plusses, layout_basic
D:2:      layout_loops_ring, shapermc_ecumenical_altar_mp_highgroup,
          serial_shops, nicolae_shop_mannequins, serial_bayou_pond_a,
          uniq_terence, uniq_crazy_yiuf_cottage

Skill      XL: |  1 |
---------------+----+-----
Summonings     | 5 |  5.4
Dodging        | |  2.1
Stealth        | |  2.0
Spellcasting   | |  2.6

Action                     || total
---------------------------++-------
  Melee: Unarmed           ||     5
         Kick              ||     5
         Dagger            ||     4
   Cast: Summon Small Mamm ||    37
         Call Canine Famil ||     2
         Call Imp          ||     1
  Dodge: Dodged            ||     5
